 Dungeon Crawl Stone Soup version 0.19.4 (webtiles) character file.

93 Gargoyl the Skirmisher (level 4, 0/40 HPs)
             Began as a Ghoul Abyssal Knight on Feb 3, 2017.
             Was a Believer of Lugonu.
             Slain by a phantom (4 damage)
             ... on level 4 of the Dungeon.
             The game lasted 00:04:15 (1529 turns).

Gargoyl the Skirmisher (Ghoul Abyssal Knight)       Turns: 1529, Time: 00:04:15

Health: 0/40       AC: 13    Str: 14 (15) XL:     4   Next: 62%
Magic:  4/4        EV:  4    Int:  8 (9)  God:    Lugonu [**....]
Gold:   124        SH:  0    Dex:  8 (9)  Spells: 0 memorised, 3 levels left

rFire  + . .     SeeInvis .     a - +1 hand axe
rCold  + + .     Gourm    .     f - +0 plate armour of Fortification {rPois Regen+}
rNeg   + + +     Faith    .     (no shield)
rPois  ∞         Spirit   .     (no helmet)
rElec  +         Reflect  .     (no cloak)
rCorr  +         Harm     .     i - +1 pair of gloves
MR     .....                    (no boots)
Stlth  ..........               (no amulet)
                                (no ring)
                                p - +2 ring of intelligence

@: resistant, rotting
A: rotting body, claws 1, carnivore 3, cold resistance 1, negative energy
resistance 3, slow regeneration 1, torment resistance, unbreathing
a: Depart the Abyss, Bend Space, Renounce Religion


You were on level 4 of the Dungeon.
You worshipped Lugonu.
Lugonu was pleased with you.
You were not hungry.

You visited 1 branch of the dungeon, and saw 4 of its levels.
You visited the Abyss 1 time.

You collected 124 gold pieces.

Inventory:

Hand Weapons
 a - a +1 hand axe (weapon)
Armour
 f - the +0 plate armour of Fortification (worn) {rPois Regen+}
   (You found it on level 2 of the Abyss)

   It protects you from poison.
   It increases your rate of regeneration.
 i - a +1 pair of gloves (worn)
Jewellery
 p - a +2 ring of intelligence (left hand)
Scrolls
 e - a scroll of recharging
 j - 2 scrolls of remove curse
 n - a scroll of identify
 o - a scroll of fog {unknown}
 q - a scroll of magic mapping {unknown}
 r - a scroll of fear
 s - a scroll of noise {unknown}
Comestibles
 c - a meat ration
 d - a slice of pizza
 g - a beef jerky


   Skills:
 + Level 3.8 Fighting
 + Level 2.2 Axes
 * Level 3.2 Armour
 + Level 1.0 Dodging
 * Level 2.6 Invocations


You had 3 spell levels left.
You didn't know any spells.

Dungeon Overview and Level Annotations

Branches:
Dungeon (3/15)

Altars:
Okawaru

Annotations:
D:3 Kiturien's ghost, amateur OpFi


Innate Abilities, Weirdness & Mutations

Your body is rotting away.
You thrive on raw meat.
You are immune to poison.
You have sharp fingernails.
You are carnivorous and can eat meat at any time.
Your flesh is cold resistant. (rC+)
You are immune to negative energy. (rN+++)
You regenerate slowly when monsters are visible.
You are immune to unholy pain and torment.
You can survive without breathing.


Message History

Your plate armour of Fortification prevents you from hitting the phantom.
The phantom is severely damaged.
The phantom hits you.
* * * LOW HITPOINT WARNING * * *
Your plate armour of Fortification prevents you from hitting the phantom.
The phantom is severely damaged.
The phantom hits you.
* * * LOW HITPOINT WARNING * * *
The phantom blinks!
Firing (i - inventory): No suitable missiles.
Press: ? - help, Shift-Dir - straight line, f - phantom
Aim: a phantom (severely damaged)
Okay, then.
You feel clever.
p - a +2 ring of intelligence (left hand)
The phantom blinks!
You closely miss the phantom.
The phantom is severely damaged.
The phantom hits you.
You die...

... ... ..( #.#
#####.# #@....#
#W....# #.....#
#.....######.##
######.............#
...................#
.#####....#####.....
#....# ##.# #..$.# #


You could see a phantom.

Vanquished Creatures
  A gnoll (D:2)
  3 adders (D:2)
  A worm (D:2)
  3 dart slugs
  A leopard gecko (D:2)
  5 bats
  3 giant cockroaches
  7 hobgoblins
  A quokka (D:2)
  3 frilled lizards
  5 goblins (D:2)
  12 kobolds
  6 rats
51 creatures vanquished.

Notes
Turn   | Place    | Note
-------+----------+-------------------------------------------
     0 | Abyss:1  | Gargoyl the Ghoul Abyssal Knight began the quest for the Orb.
     0 | Abyss:1  | Reached XP level 1. HP: 19/19 MP: 1/1
    24 | Abyss:1  | Found a basalt altar of Yredelemnul.
    25 | Abyss:1  | Noticed an orange demon
    62 | Abyss:2  | Got a distressingly furry plate armour
    73 | Abyss:2  | Identified the +0 plate armour of Fortification {rPois Regen+} (You found it on level 2 of the Abyss)
    86 | Abyss:2  | Noticed a small abomination
    92 | D:1      | Escaped the Abyss
   236 | D:1      | Reached * piety under Lugonu
   273 | D:1      | Reached skill level 1 in Dodging
   273 | D:1      | Reached XP level 2. HP: 26/26 MP: 2/2
   852 | D:2      | Reached XP level 3. HP: 14/33 MP: 3/3
  1034 | D:2      | Reached ** piety under Lugonu
  1045 | D:2      | Found a faded altar of an unknown god.
  1054 | D:2      | Reached XP level 4. HP: 23/40 MP: 4/4
  1143 | D:2      | Found an iron altar of Okawaru.
  1423 | D:3      | Noticed Kiturien's ghost (amateur OpFi)
  1435 | D:3      | You fall through a shaft!
  1443 | D:4      | Noticed a phantom
  1520 | D:4      | HP: 2/40 [phantom (5)]
  1529 | D:4      | Slain by a phantom

Skill      XL: |  1  2  3 |
---------------+----------+-----
Dodging        | 1 |  1.0
Armour         | 2 3 |  3.2
Axes           | 2 |  2.2
Fighting       | |  3.8
Invocations    | |  2.6

Action                   |  1- 3 |  4- 6 || total
-------------------------+-------+-------++-------
Melee: Hand axe          |   101 |   106 ||   207
Invok: Depart the Abyss  |     1 |       ||     1
  Use: Scroll            |     6 |       ||     6
       Potion            |       |     4 ||     4
  Eat: Chunk             |     9 |    13 ||    22
Armor: Plate armour      |   120 |   100 ||   220
       Leather armour    |     1 |       ||     1
Dodge: Dodged            |    36 |    26 ||    62
